 Dungeon Crawl Stone Soup version 0.18.1-8-gdd0e5ea (webtiles) character file.

64 cruasano the Skirmisher (level 3, 0/33 HPs)
             Began as a Draconian Berserker on June 2, 2016.
             Was a Believer of Trog.
             Slain by a worm (11 damage)
             ... on level 2 of the Dungeon.
             The game lasted 00:05:08 (1669 turns).

cruasano the Skirmisher (Draconian Berserker)       Turns: 1669, Time: 00:05:09

Health: 0/33       AC:  6    Str: 20    XL:     3   Next: 91%
Magic:  3/3        EV: 13    Int:  7    God:    Trog [**....]
Gold:   97         SH:  0    Dex: 10    Spells: 0 memorised, 2 levels left

rFire  + . .     SeeInvis .     a - +1 spear
rCold  x . .     Gourm    .     (armour unavailable)
rNeg   . . .     Faith    .     (no shield)
rPois  .         Spirit   .     (helmet restricted)
rElec  .         Dismiss  .     d - +0 cloak
rCorr  .         Reflect  .     (no gloves)
SustAt .         Harm     .     (no boots)
MR     ++...                    (no amulet)
Stlth  +.........               (no ring)
                                i - ring of fire

@: regenerating, very resistant to hostile enchantments, very unstealthy
A: unfitting armour, cold-blooded, AC +5
a: Berserk, Trog's Hand, Burn Spellbooks, Renounce Religion


You were on level 2 of the Dungeon.
You worshipped Trog.
Trog was pleased with you.
You were not hungry.

You visited 1 branch of the dungeon, and saw 2 of its levels.

You collected 97 gold pieces.

Inventory:

Hand Weapons
 a - a +1 spear (weapon)
Armour
 d - a +0 cloak (worn)
Jewellery
 i - a ring of fire (left hand)
Wands
 h - a wand of iceblast (10/15)
Scrolls
 g - a scroll of remove curse
Potions
 c - a potion of flight {unknown}
 e - 2 potions of curing
 f - a potion of heal wounds
Comestibles
 b - a chunk of flesh


   Skills:
 + Level 4.0 Fighting
 + Level 3.4 Polearms
 + Level 3.5 Dodging
 + Level 0.2 Stealth


You had 2 spell levels left.
You didn't know any spells.

Dungeon Overview and Level Annotations

Branches:
Dungeon (2/15)

Altars:
Cheibriados
Fedhas
Makhleb


Innate Abilities, Weirdness & Mutations

Your plain brown scales are hard (AC +5).
Your body does not fit into most forms of armour.
You are cold-blooded and may be slowed by cold attacks.


Message History

The hobgoblin hits you but does no damage.
The worm bites you.
* * * LOW HITPOINT WARNING * * *
You hit the hobgoblin but do no damage.
The hobgoblin is lightly wounded.
The hobgoblin hits you but does no damage.
The worm barely misses you.
You barely miss the hobgoblin.
Your tail-slap misses the hobgoblin.
The hobgoblin is lightly wounded.
The hobgoblin misses you.
You closely miss the hobgoblin.
The hobgoblin is lightly wounded.
The hobgoblin barely misses you. The worm barely misses you.
You hit the hobgoblin.
You kill the hobgoblin!
Trog accepts your kill.
You puncture the worm!
The worm is heavily wounded.
The worm bites you!
You die...

.#.........#.#..#.# #..........
..>......###.#..#.# ##.#.#.###.
................#.######.#.....).
########.. #.#. #.#........#.####
. ... #.#......>...#
.####.##.#.......#######
.......#.#..............
.......))#........######
.###.w@.#.)......# #โ‰ˆ
........w#........# #โ‰ˆ
#.##.....#........# #โ‰ˆ ##
#.....######.#.# #. .#
#.....######.#.###### .#
#.....#...........# # .#
......#...........# # .#
#......#...........# # .#
#.....รท.....# #


You could see 2 worms.

Vanquished Creatures
  2 adders (D:2)
  A worm (D:2)
  A dart slug (D:2)
  3 bats
  2 giant cockroaches (D:1)
  2 goblins (D:1)
  8 hobgoblins
  2 jackals (D:2)
  6 kobolds
  A quokka (D:2)
  2 giant newts
  9 rats
39 creatures vanquished.

Notes
Turn   | Place    | Note
--------------------------------------------------------------
     0 | D:1      | cruasano the Draconian Berserker began the quest for the Orb.
     0 | D:1      | Reached XP level 1. HP: 19/19 MP: 1/1
   488 | D:1      | Reached XP level 2. HP: 26/26 MP: 2/2
   808 | D:1      | You fall through a shaft!
   824 | D:2      | Found a snail-covered altar of Cheibriados.
   877 | D:2      | Found a blossoming altar of Fedhas.
   983 | D:2      | Reached ** piety under Trog
   988 | D:2      | Reached XP level 3. HP: 13/33 MP: 3/3
  1236 | D:2      | Found a burning altar of Makhleb.
  1484 | D:2      | Reached skill level 4 in Fighting
  1669 | D:2      | Slain by a worm

Skill      XL: |  1  2  3 |
---------------+----------+-----
Dodging        | 3 |  3.5
Fighting       | 4 |  4.0
Polearms       | |  3.4
Stealth        | |  0.2

Action                   || total
-------------------------++-------
Melee: Spear             ||   149
       Tailslap          ||    12
Invok: Trog's Hand       ||     1
  Use: Scroll            ||     5
       Potion            ||     1
 Stab: Sleeping          ||     1
  Eat: Bread ration      ||     1
       Chunk             ||     1
Armor: Skin              ||    47
Dodge: Dodged            ||   111
